 Dungeon Crawl Stone Soup version 0.23.2-40-g277498a (webtiles) character file.

Game seed: 12805188262376762788

675 CrazyJ the Caller (level 7, 0/51 HPs)
             Began as a Red Draconian Summoner on Sept 21, 2019.
             Was an Initiate of Hepliaklqana.
             Shot with an arrow by a centaur (14 damage)
             ... on level 5 of the Dungeon.
             The game lasted 00:23:18 (5664 turns).

CrazyJ the Caller (Red Draconian Summoner)          Turns: 5664, Time: 00:23:19

Health: 0/51       AC:  7    Str: 10    XL:     7   Next: 33%
Magic:  6/12       EV: 13    Int: 18    God:    Hepliaklqana [......]
Gold:   217        SH:  0    Dex: 11    Spells: 2/12 levels left

rFire    + . .     SeeInvis .   m - +0 trident
rCold    . . .     Gourm    .   (no shield)
rNeg     . . .     Faith    .   (armour unavailable)
rPois    .         Spirit   .   (helmet restricted)
rElec    .         Reflect  .   t - +0 cloak
rCorr    .         Harm     .   (no gloves)
MR       .....                  (no boots)
Stlth    ++........             (no amulet)
HPRegen  0.17/turn              (no ring)
MPRegen  0.13/turn              (no ring)

@: short of breath
A: breathe fire, unfitting armour, reduced essence, fire resistance 1,
cold-blooded, AC +6
a: Breathe Fire, Recall Ancestor, Ancestor Identity, Renounce Religion


You were on level 5 of the Dungeon.
You worshipped Hepliaklqana.
Hepliaklqana was noncommittal.
You were not hungry.

You visited 1 branch of the dungeon, and saw 5 of its levels.

You collected 217 gold pieces.

Inventory:

Hand Weapons
 h - a +0 spear
 m - a +0 trident (weapon)
 n - a +0 hunting sling
 o - a +2 dagger of electrocution
 p - a +0 scythe
 s - a +2 quarterstaff of chaos
Missiles
 a - 79 sling bullets
 d - 35 poisoned needles
 e - 161 stones (quivered)
Armour
 t - a +0 cloak (worn)
Scrolls
 f - 3 scrolls of enchant armour {unknown}
 g - a scroll of random uselessness {unknown}
 i - 4 scrolls of remove curse {unknown}
 j - a scroll of teleportation {unknown}
 k - 4 scrolls of identify {unknown}
 l - 2 scrolls of amnesia {unknown}
 u - a scroll of magic mapping {unknown}
 v - a scroll of fear {unknown}
 w - 2 scrolls of immolation {unknown}
Potions
 q - 2 potions of degeneration {unknown}
 r - 2 potions of berserk rage {unknown}
Comestibles
 b - 13 rations
 c - a chunk of flesh


   Skills:
 + Level 3.1 Fighting
 + Level 3.5 Dodging
 - Level 1.8 Stealth
 + Level 3.4 Spellcasting
 * Level 6.4 Summonings
 * Level 2.0 Ice Magic


You had 2 spell levels left.
You knew the following spells:

 Your Spells              Type           Power        Failure   Level  Hunger
a - Summon Small Mammal   Summ           ####         1%          1    None
b - Call Canine Familiar  Summ           ####....     3%          3    ###....
c - Call Imp              Summ           ####....     1%          2    ##.....
d - Summon Ice Beast      Ice/Summ       ###.....     28%         4    ####...

Your spell library contained the following spells:

 Spells                   Type           Power        Failure   Level  Hunger
 Summon Guardian Golem    Hex/Summ       ##......     13%         3    ###....
 Summon Lightning Spire   Summ/Air       ##......     38%         4    ####...


Dungeon Overview and Level Annotations

Branches:
Dungeon (5/15)
 Temple: D:4-7

Altars:
Dithmenos
Hepliaklqana
Qazlal
Sif Muna
Trog
Yredelemnul


Innate Abilities, Weirdness & Mutations

You can breathe blasts of fire.
Your fiery red scales are hard. (AC +6)
You cannot fit into any form of body armour.
Your flesh is heat resistant. (rF+)
You are cold-blooded and may be slowed by cold attacks.
Your life essence is reduced to manifest your ancestor. (-10% HP)


Message History

The centaur shoots an arrow.
The arrow misses you.
Your crimson imp closely misses Blork the orc.
Blork the orc hits your hound with a cursed -1 flail.
Your hound bites Blork the orc.
Attack whom?
Press: ? - help, Dir - move target cursor, f - Blork the orc, p - centaur
Aim: Blork the orc, wielding a -1 flail and wearing a +0 robe (almost dead, fast)
You barely miss Blork the orc. You tail-slap Blork the orc.
Blork the orc is almost dead.
The centaur shoots an arrow.
The arrow misses you. Blork the orc casts a spell at you.
The magic dart hits you.
Your hound bites Blork the orc.
Your crimson imp hits Blork the orc but does no damage.
The centaur shoots an arrow.
The arrow hits you!
* * * LOW HITPOINT WARNING * * *
Your crimson imp hits Blork the orc.
Blork the orc dies!
Your Ice Magic skill increases to level 2!
You swap places.
The centaur shoots an arrow.
The arrow hits you!
You die...

... ....
....######
...☼.....#
#......#
#..c...#
#..h(5.#
#...)5.##
#....@(<#
#......##
#......#
#......#
#......#
###.....
######


You could see a centaur, a friendly hound, a friendly crimson imp and a friendly
white imp.

Vanquished Creatures
  A hound (D:4)
  Crazy Yiuf (D:2)
  An orc wizard (D:4)
  Jessica (D:2)
  A worker ant (D:4)
  3 adders
  3 worms
  5 dart slugs
  3 leopard geckos
  6 orcs (D:4)
  4 giant cockroaches
  12 goblins
  6 hobgoblins
  A ball python (D:4)
  4 bats
  6 frilled lizards
  4 kobolds
  6 rats
68 creatures vanquished.

Vanquished Creatures (collateral kills)
  Sigmund (D:2)
  Menkaure (D:4)
  2 ogres (D:4)
  Blork the orc (D:5)
  A howler monkey (D:4)
  An orc priest (D:4)
  2 orc wizards (D:4)
  A worker ant (D:2)
  Robin (D:2)
  An adder (D:2)
  5 orcs (D:4)
  2 bats (D:1)
  5 goblins (D:2)
  A hobgoblin (D:2)
  A quokka (D:2)
26 creatures vanquished.

Vanquished Creatures (others)
  An ancestor (D:5)
1 creature vanquished.

Grand Total: 95 creatures vanquished

Notes
Turn   | Place    | Note
-------+----------+-------------------------------------------
     0 | D:1      | CrazyJ the Draconian Summoner began the quest for the Orb.
     0 | D:1      | Reached XP level 1. HP: 14/14 MP: 3/3
   231 | D:1      | Reached XP level 2. HP: 17/20 MP: 5/5
  1167 | D:2      | Reached XP level 3. HP: 15/27 MP: 6/6
  1466 | D:2      | Noticed Robin
  1505 | D:2      | Learned a level 3 spell: Call Canine Familiar
  1866 | D:2      | Reached skill level 1 in Fighting
  1937 | D:2      | Learned a level 2 spell: Call Imp
  1942 | D:2      | Noticed Jessica
  1958 | D:2      | Killed Jessica
  1958 | D:2      | Reached XP level 4. HP: 24/35 MP: 2/7
  2198 | D:2      | Killed Robin
  2198 | D:2      | Reached skill level 5 in Summonings
  2460 | D:2      | Noticed Sigmund
  2475 | D:2      | Killed Sigmund
  2475 | D:2      | Reached XP level 5. HP: 38/41 MP: 2/9
  2625 | D:2      | Found a runed translucent door.
  2626 | D:2      | Noticed Crazy Yiuf
  2646 | D:2      | Killed Crazy Yiuf
  3050 | D:3      | Found a shadowy altar of Dithmenos.
  4297 | D:4      | Reached XP level 6. HP: 25/49 MP: 3/10
  4303 | D:4      | Learned a level 4 spell: Summon Ice Beast
  4420 | D:4      | Found a basalt altar of Yredelemnul.
  4420 | D:4      | Found a deep blue altar of Sif Muna.
  4437 | D:4      | Found a bloodstained altar of Trog.
  4463 | D:4      | Reached skill level 1 in Ice Magic
  4500 | D:4      | Reached skill level 6 in Summonings
  4505 | D:4      | Found a hazy altar of Hepliaklqana.
  4584 | D:4      | Became a worshipper of Hepliaklqana the Forgotten
  5216 | D:4      | Noticed Menkaure
  5219 | D:4      | Your scales start taking on a fiery red colour.
  5219 | D:4      | Reached XP level 7. HP: 50/50 MP: 7/12
  5219 | D:4      | Gained mutation: Your flesh is heat resistant. (rF+) [Red
                  | Draconian growth]
  5225 | D:4      | Killed Menkaure
  5445 | D:4      | Found a stormy altar of Qazlal.
  5649 | D:5      | Entered Level 5 of the Dungeon
  5651 | D:5      | Noticed Blork the orc
  5663 | D:5      | Killed Blork the orc
  5664 | D:5      | Shot with an arrow by a centaur

Skill      XL: |  1  2  3  4  5  6  7 |
---------------+----------------------+-----
Dodging        | 2 3 |  3.5
Fighting       | 1 2 3 |  3.1
Summonings     | 5 6 |  6.4
Spellcasting   | 3 |  3.4
Ice Magic      | 1 2 |  2.0
Stealth        | |  1.8

Action                   |  1- 3 |  4- 6 |  7- 9 || total
-------------------------+-------+-------+-------++-------
Melee: Unarmed           |    24 |       |       ||    24
       Dagger            |    13 |       |       ||    13
       Tailslap          |     9 |    16 |     1 ||    26
       Spear             |    82 |    20 |       ||   102
       Trident           |       |   206 |    14 ||   220
Throw: Stone             |       |     2 |       ||     2
 Cast: Summon Small Mamm |     6 |       |       ||     6
       Call Canine Famil |     4 |    13 |     1 ||    18
       Call Imp          |     1 |     3 |     3 ||     7
 Abil: Breathe Fire      |       |       |     1 ||     1
  Use: Potion            |       |       |     1 ||     1
 Stab: Sleeping          |     3 |     4 |       ||     7
       Distracted        |       |     1 |       ||     1
  Eat: Chunk             |     4 |    12 |     2 ||    18
Armor: Skin              |    59 |    54 |     6 ||   119
Dodge: Dodged            |    90 |   167 |    14 ||   271
